 Dungeon Crawl Stone Soup version 0.31-a0-1-g4198be8af4 (webtiles) character file.

Game seed: 18150855030706028782

4711 retardedninja the Magician (level 10, 0/61 (66) HPs)
             Began as a Gnoll Fire Elementalist on May 1, 2023.
             Was a High Priest of Cheibriados.
             Slain by a centaur warrior (11 damage)
             ... on level 8 of the Dungeon.
             The game lasted 00:16:25 (12795 turns).

retardedninja the Magician (GnFE)                  Turns: 12795, Time: 00:16:25

HP:   0/61 (66)     AC:  4    Str: 24    XL:     10   Next: 45%
MP:   13/21         EV: 20    Int: 32    God:    Cheibriados [*****.]
Gold: 563           SH:  4    Dex: 30    Spells: 14/24 levels left

rFire   . . .        A - +0 scythe (freeze)
rCold   . . .        (shield currently unavailable)
rNeg    . . .        a - +0 robe
rPois   .            (helmet restricted)
rElec   .            E - scarf {+Inv}
rCorr   .            h - +0 pair of gloves
SInv    .            v - +0 pair of boots
Will    .....        (no amulet)
Stlth   +++++        B - ring of willpower
HPRegen 0.30/turn    u - ring "Gyunkaes" {Will- Str+5 Int+3 Dex+6}
MPRegen 0.17/turn

%: no passive effects
@: drained, invisible, very slow
A: fangs 1, strong nose, distributed training, horns 1, large bone plates 1,
camouflage 1, deformed body, frail 1
a: Renounce Religion, Evoke Invisibility, Bend Time, Temporal Distortion,
Slouch, Step From Time


You were on level 8 of the Dungeon.
You worshipped Cheibriados.
Cheibriados was extremely pleased with you.
You visited 2 branches of the dungeon, and saw 9 of its levels.

You collected 563 gold pieces.

Inventory:

Hand Weapons
 A - a +0 scythe of freezing (weapon)
Armour
 a - a +0 robe (worn)
 h - a +0 pair of gloves (worn)
 v - a +0 pair of boots (worn)
 E - a scarf of invisibility (worn)
Jewellery
 u - the ring "Gyunkaes" (right hand) {Will- Str+5 Int+3 Dex+6}
   (You found it on level 6 of the Dungeon)

   [ring of dexterity]

   Str:       It affects your strength (+5).
   Int:       It affects your intelligence (+3).
   Dex:       It affects your dexterity (+6).
   Will:      It decreases your willpower.
 B - a ring of willpower (left hand)
Wands
 m - a wand of flame (2)
 s - a wand of polymorph (5)
 t - a wand of mindburst (27)
Scrolls
 c - 2 scrolls of identify
 f - a scroll of poison
 g - a scroll of immolation
 k - 6 scrolls of teleportation
 n - a scroll of acquirement {unknown}
 p - 2 scrolls of silence
 r - 2 scrolls of fog
 w - a scroll of brand weapon
 y - a scroll of vulnerability {unknown}
Potions
 b - 2 potions of magic
 d - 2 potions of might
 e - a potion of brilliance
 i - a potion of berserk rage
 j - 2 potions of curing
 l - a potion of cancellation
 o - a potion of invisibility
 q - a potion of attraction
 C - 3 potions of flight
 D - 2 potions of degeneration {unknown}


   Skills:
 + Level 5.5 Fighting
 + Level 5.5 Short Blades
 + Level 5.5 Long Blades
 + Level 5.5 Axes
 + Level 5.5 Maces & Flails
 + Level 5.5 Polearms
 + Level 5.5 Staves
 + Level 5.5 Ranged Weapons
 + Level 5.5 Throwing
 + Level 5.5 Armour
 + Level 7.2 Dodging
 + Level 7.0 Stealth
 + Level 5.5 Shields
 + Level 5.5 Unarmed Combat
 + Level 7.5 Spellcasting
 + Level 5.1 Conjurations
 + Level 4.5 Hexes
 + Level 4.5 Summonings
 + Level 4.5 Necromancy
 + Level 4.5 Translocations
 + Level 4.5 Transmutations
 + Level 7.2 Fire Magic
 + Level 4.5 Ice Magic
 + Level 4.5 Air Magic
 + Level 4.5 Earth Magic
 + Level 4.5 Poison Magic
 + Level 6.0 Invocations
 + Level 5.5 Evocations


You had 14 spell levels left.
You knew the following spells:

 Your Spells              Type           Power      Damage    Failure   Level
a - Foxfire               Conj/Fire      100%       2x1d9     1%          1
b - Scorch                Fire           100%       2d9       1%          2
c - Flame Wave            Conj/Fire      51%        2d13      3%          4
d - Inner Flame           Hex/Fire       49%        N/A       1%          3

Your spell library contained the following spells:

 Spells                   Type           Power      Damage    Failure   Level
 Ensorcelled Hibernation  Hex/Ice        82%        N/A       1%          2
 Sublimation of Blood     Necr           41%        N/A       1%          2
 Wereblood                Tmut           41%        N/A       1%          2
 Call Canine Familiar     Summ           41%        N/A       1%          3
 Dazzling Flash           Conj/Hex       84%        N/A       1%          3
 Frozen Ramparts          Ice            82%        1d13      1%          3
 Portal Projectile        Hex/Tloc       82%        N/A       1%          3
 Spider Form              Tmut/Pois      41%        N/A       1%          3
 Volatile Blastmotes      Fire/Tloc      98%        2d18      1%          3
 Iskenderun's Mystic Bla  Conj/Tloc      42%        2d10      5%          4
 Anguish                  Hex/Necr       20%        N/A       6%          4
 Ice Form                 Ice/Tmut       41%        N/A       6%          4
 Leda's Liquefaction      Hex/Erth       20%        N/A       6%          4
 Summon Ice Beast         Ice/Summ       41%        N/A       6%          4
 Starburst                Conj/Fire      25%        6d8       43%         6
 Summon Hydra             Summ           20%        N/A       99%         7


Dungeon Overview and Level Annotations

Branches:
Dungeon (8/15)             Temple (1/1) D:5
   Lair: D:8-11

Altars:
Ashenzari
Cheibriados
Dithmenos
Elyvilon
Fedhas
Gozag
Hepliaklqana
Kikubaaqudgha
Makhleb
Nemelex Xobeh
Qazlal
Ru
Sif Muna
Trog
Vehumet
Wu Jian
Xom
Zin

Shops:
D:3 *


Innate Abilities, Weirdness & Mutations

You have very sharp teeth.
Your uncanny sense of smell can sniff out nearby items.
Your experience applies equally to all skills.
You have a pair of small horns on your head.
You are partially covered in large bone plates. (SH +4)
Your skin changes colour to match your surroundings (Stealth+).
Armour fits poorly on your strangely shaped body.
You are frail. (-10% HP)


Message History

The gnoll hits you with a +0 whip.
* * * LOW HITPOINT WARNING * * *
The gnoll sergeant closely misses you.
A wave of flame ripples out!
The flame wave engulfs the gnoll!
The gnoll is almost dead.
The flame wave engulfs the centaur warrior!
The centaur warrior is heavily wounded.
The flame wave engulfs the gnoll sergeant.
The gnoll sergeant is moderately wounded.
The centaur warrior barely misses you. The centaur warrior kicks you.
* * * LOW HITPOINT WARNING * * *
The centaur warrior misses you. x2; The gnoll completely misses you.
The gnoll sergeant completely misses you.
A wave of flame ripples out!
The flame wave engulfs the gnoll!!
You kill the gnoll!
Cheibriados thoroughly appreciates the change of pace.
The flame wave engulfs the centaur warrior!
The centaur warrior is almost dead.
Cheibriados thoroughly appreciates the change of pace.
You can now step out of the flow of time.
Cheibriados raises the support of your attributes as your movement slows.
You feel a bit more experienced.
The flame wave engulfs the gnoll sergeant!
The gnoll sergeant is heavily wounded.
The flame wave engulfs the gnoll!
You kill the gnoll!
Cheibriados thoroughly appreciates the change of pace.
You finish channelling waves of flame.
The centaur warrior barely misses you. The centaur warrior kicks you.
* * * LOW HITPOINT WARNING * * *
The gnoll sergeant hits you from afar with a +0 trident!
* * * LOW HITPOINT WARNING * * *
You feel better. The centaur warrior hits you.
* * * LOW HITPOINT WARNING * * *
The centaur warrior kicks you but does no damage.
The centaur warrior misses you. The centaur warrior kicks you.
* * * LOW HITPOINT WARNING * * *
The gnoll sergeant barely misses you.
You feel better. The centaur warrior hits you!
You die...

#.#.###........#######..
........................
#.#####.##.<..########.#
#.###.#.########># #.#
#.#.......##.#
#>#####.###.#.#####.##.#
#...........#.# #.##.#
....$.)....##.# #....#
.######@##.##.# ######
#c##.##.# ##### ∆g..
...# #.... )#### ###
#.### .. #.# # .. #.# #
##. #.# # # #.# # #.# #


You could see a centaur warrior (unable to see you) and a gnoll sergeant (unable
to see you).

Vanquished Creatures
  Grinder (D:2)
  Sigmund (D:3)
  2 steam dragons (D:6)
  4 water moccasins
  Duvessa (D:6)
  An ice beast (D:8)
  2 black bears
  3 ogres
  4 centaurs
  2 phantoms
  5 bullfrogs
  4 kobold brigands
  3 necrophages (D:6)
  6 scorpions
  A water moccasin zombie (D:6)
  A wight (D:6)
  Dowan (D:6)
  A howler monkey (D:5)
  A centaur zombie (D:6)
  3 bullfrog zombies (D:6)
  An orc priest (D:6)
  A human zombie (D:6)
  A gnoll bouda (D:7)
  6 hounds
  6 jellies
  3 sleepcaps
  Ijyb (D:2)
  5 iguanas
  4 orc wizards
  A killer bee zombie (D:6)
  A mummy (D:6)
  7 gnolls
  11 adders
  A shadow imp (D:6)
  2 white imps
  2 worms
  2 dart slugs
  19 orcs
  8 bats
  5 endoplasms
  5 giant cockroaches
  4 goblins
  7 hobgoblins
  2 jackals (D:4)
  22 kobolds
  2 quokkas
  10 ball pythons
  2 frilled lizards
  7 rats
195 creatures vanquished.

Vanquished Creatures (others)
  731 foxfires
731 creatures vanquished.

Grand Total: 926 creatures vanquished

Notes
Turn   | Place    | Note
-------+----------+-------------------------------------------
     0 | D:1      | retardedninja the Gnoll Fire Elementalist began the quest
                  | for the Orb.
     0 | D:1      | Reached XP level 1. HP: 13/13 MP: 6/6
   355 | D:1      | Reached XP level 2. HP: 19/19 MP: 5/7
  1130 | D:1      | Found a faded altar of an unknown god.
  1246 | D:2      | Reached skill level 5 in Spellcasting
  1246 | D:2      | Reached XP level 3. HP: 22/25 MP: 5/9
  1302 | D:2      | Reached skill level 1 in Invocations
  1618 | D:2      | Reached skill level 1 in Fighting
  1618 | D:2      | Reached skill level 1 in Short Blades
  1618 | D:2      | Reached skill level 1 in Long Blades
  1618 | D:2      | Reached skill level 1 in Axes
  1618 | D:2      | Reached skill level 1 in Maces & Flails
  1618 | D:2      | Reached skill level 1 in Polearms
  1618 | D:2      | Reached skill level 1 in Staves
  1618 | D:2      | Reached skill level 1 in Ranged Weapons
  1618 | D:2      | Reached skill level 1 in Throwing
  1618 | D:2      | Reached skill level 1 in Armour
  1618 | D:2      | Reached skill level 1 in Shields
  1618 | D:2      | Reached skill level 1 in Unarmed Combat
  1618 | D:2      | Reached skill level 1 in Evocations
  1864 | D:2      | Reached XP level 4. HP: 30/32 MP: 4/11
  2286 | D:2      | Reached skill level 1 in Hexes
  2286 | D:2      | Reached skill level 1 in Summonings
  2286 | D:2      | Reached skill level 1 in Necromancy
  2286 | D:2      | Reached skill level 1 in Translocations
  2286 | D:2      | Reached skill level 1 in Transmutations
  2286 | D:2      | Reached skill level 1 in Ice Magic
  2286 | D:2      | Reached skill level 1 in Air Magic
  2286 | D:2      | Reached skill level 1 in Earth Magic
  2286 | D:2      | Reached skill level 1 in Poison Magic
  2769 | D:2      | Learned a level 2 spell: Scorch
  2826 | D:3      | Noticed Grinder
  2826 | D:3      | Noticed Ijyb
  2833 | D:2      | Killed Ijyb
  3119 | D:2      | Paralysed by Grinder for 3 turns
  3124 | D:2      | Killed Grinder
  3125 | D:2      | Reached skill level 5 in Dodging
  3125 | D:2      | Reached XP level 5. HP: 30/38 MP: 1/12
  3125 | D:2      | Reached XP level 6. HP: 35/44 MP: 1/14
  3376 | D:3      | Found Duriopla's Assorted Antiques.
  3728 | D:3      | Found a shimmering altar of Xom.
  3729 | D:3      | Found a shimmering altar of Xom.
  3729 | D:3      | Found a shimmering altar of Xom.
  3729 | D:3      | Found a shimmering altar of Xom.
  3771 | D:3      | Noticed Sigmund
  3771 | D:3      | You fall into a shaft and drop 3 floors!
  3867 | D:6      | Reached XP level 7. HP: 43/51 MP: 2/15
  3977 | D:5      | Entered Level 5 of the Dungeon
  4009 | D:5      | Found a staircase to the Ecumenical Temple.
  4024 | Temple   | Entered the Ecumenical Temple
  4213 | Temple   | Became a worshipper of Cheibriados the Contemplative
  4729 | D:3      | Identified the +5 ring mail "Pemuler" {Int+3}
  4783 | D:3      | Killed Sigmund
  4784 | D:3      | Reached skill level 5 in Stealth
  5468 | D:4      | Reached * piety under Cheibriados
  5552 | D:4      | Reached XP level 8. HP: 41/58 MP: 11/16
  5556 | D:4      | Gained mutation: You are frail. (-10% HP) [potion of
                  | mutation]
  5556 | D:4      | Gained mutation: You have a pair of small horns on your
                  | head. [potion of mutation]
  5556 | D:4      | Gained mutation: Your flesh is cold resistant. (rC+)
                  | [potion of mutation]
  5556 | D:4      | Gained mutation: You have a pair of horns on your head.
                  | [potion of mutation]
  5924 | D:4      | Lost mutation: You have a pair of horns on your head.
                  | [potion of mutation]
  5924 | D:4      | Lost mutation: Your flesh is cold resistant. (rC+) [potion
                  | of mutation]
  5924 | D:4      | Gained mutation: You are partially covered in iridescent
                  | scales. (AC +2) [potion of mutation]
  5924 | D:4      | Gained mutation: You are agile. (Dex +4, Str/Int -1)
                  | [potion of mutation]
  5924 | D:4      | Gained mutation: You have sharp toenails. [potion of
                  | mutation]
  5925 | D:4      | Lost mutation: You are partially covered in iridescent
                  | scales. (AC +2) [potion of mutation]
  5925 | D:4      | Lost mutation: You have sharp toenails. [potion of
                  | mutation]
  5925 | D:4      | Gained mutation: Your spells are a little easier to cast,
                  | but a little less powerful. [potion of mutation]
  5925 | D:4      | Gained mutation: You are partially covered in large bone
                  | plates. (SH +4) [potion of mutation]
  5999 | D:4      | Found a radiant altar of Vehumet.
  6191 | D:4      | Found a sparkling altar of Nemelex Xobeh.
  6191 | D:4      | Found an opulent altar of Gozag.
  6883 | D:5      | Reached ** piety under Cheibriados
  6892 | D:5      | Lost mutation: You are agile. (Dex +4, Str/Int -1) [potion
                  | of mutation]
  6892 | D:5      | Lost mutation: Your spells are a little easier to cast, but
                  | a little less powerful. [potion of mutation]
  6892 | D:5      | Gained mutation: Armour fits poorly on your strangely
                  | shaped body. [potion of mutation]
  6892 | D:5      | Gained mutation: Your skin changes colour to match your
                  | surroundings (Stealth+). [potion of mutation]
  7174 | D:5      | Found a shimmering blue altar of Sif Muna.
  7640 | D:5      | Found a burning altar of Makhleb.
  7694 | D:6      | Reached XP level 9. HP: 49/58 MP: 11/18
  7765 | D:6      | Noticed Duvessa
  7765 | D:6      | Noticed Dowan
  7771 | D:6      | Killed Dowan
  7779 | D:6      | Killed Duvessa
  8101 | D:6      | Identified the ring "Gyunkaes" {Will- Str+5 Int+3 Dex+6}
  8260 | D:6      | Learned a level 4 spell: Flame Wave
  8340 | D:6      | Reached skill level 5 in Invocations
  8708 | D:6      | Reached *** piety under Cheibriados
  9362 | D:6      | Found a shadowy altar of Dithmenos.
  9543 | D:6      | Found an ornate altar of the Wu Jian Council.
  9638 | D:6      | Found an ancient bone altar of Kikubaaqudgha.
  9849 | D:6      | Reached skill level 5 in Fighting
  9849 | D:6      | Reached skill level 5 in Short Blades
  9849 | D:6      | Reached skill level 5 in Long Blades
  9849 | D:6      | Reached skill level 5 in Axes
  9849 | D:6      | Reached skill level 5 in Maces & Flails
  9849 | D:6      | Reached skill level 5 in Polearms
  9849 | D:6      | Reached skill level 5 in Staves
  9849 | D:6      | Reached skill level 5 in Ranged Weapons
  9849 | D:6      | Reached skill level 5 in Throwing
  9849 | D:6      | Reached skill level 5 in Armour
  9849 | D:6      | Reached skill level 5 in Shields
  9849 | D:6      | Reached skill level 5 in Unarmed Combat
  9849 | D:6      | Reached skill level 5 in Evocations
  9849 | D:6      | Reached XP level 10. HP: 51/66 MP: 20/20
 11080 | D:7      | Learned a level 3 spell: Inner Flame
 11122 | D:7      | Found a bloodstained altar of Trog.
 11231 | D:7      | Reached **** piety under Cheibriados
 11836 | D:7      | Reached skill level 5 in Conjurations
 12287 | D:7      | Found a white marble altar of Elyvilon.
 12784 | D:8      | Noticed a centaur warrior
 12793 | D:8      | Reached ***** piety under Cheibriados
 12794 | D:8      | HP: 3/61 [centaur warrior (6)]
 12794 | D:8      | HP: 1/61 [centaur warrior (2)]
 12795 | D:8      | Slain by a centaur warrior

Illustrated notes

Levels and vault maps discovered:
D:1:      dpeg_arrival_lava_temple_mockup, layout_basic,
          dreamdust_ecumenical_altar_grove
D:2:      kennysheep_six_static_rooms, layout_loops_ring
D:3:      layout_rooms, xom_redecorated, serial_shops, shop, uniq_grinder,
          uniq_ijyb, uniq_sigmund
D:4:      layout_loops_ring, grunt_temple_overflow_opulence,
          mainiacjoe_overflow_alcove_2, skrybe_limestone_x
D:5:      layout_basic, kennysheep_mini, bloody_makhleb,
          minmay_temple_entry_stoned_glass
D:6:      minmay_razor_zed, layout_gridville, nicolae_wu_jian_wuxing_cycle,
          grunt_dithmenos_smoke_and_mirrors,
          lemuel_mausoleum_altar_kikubaaqudgha, uniq_duvessa
D:7:      layout_basic, trog_book, kennysheep_little_box
D:8:      layout_loops_ring, mainiacjoe_overflow_tiny_flanked, uniq_joseph
Temple:   nicolae_temple_bog_church

Skill      XL: |  1  2  3  4  5  6  7  8  9 10 |
---------------+-------------------------------+-----
Conjurations   | 2 3 4 5 |  5.1
Spellcasting   | 5 6 7 |  7.5
Invocations    | 1 2 3 4 5 6 |  6.0
Fighting       | 1 2 3 5 |  5.5
Short Blades   | 1 2 3 5 |  5.5
Long Blades    | 1 2 3 5 |  5.5
Axes           | 1 2 3 5 |  5.5
Maces & Flails | 1 2 3 5 |  5.5
Polearms       | 1 2 3 5 |  5.5
Staves         | 1 2 3 5 |  5.5
Ranged Weapons | 1 2 3 5 |  5.5
Throwing       | 1 2 3 5 |  5.5
Armour         | 1 2 3 5 |  5.5
Shields        | 1 2 3 5 |  5.5
Unarmed Combat | 1 2 3 5 |  5.5
Evocations     | 1 2 3 5 |  5.5
Hexes          | 1 2 3 4 |  4.5
Summonings     | 1 2 3 4 |  4.5
Necromancy     | 1 2 3 4 |  4.5
Translocations | 1 2 3 4 |  4.5
Transmutations | 1 2 3 4 |  4.5
Ice Magic      | 1 2 3 4 |  4.5
Air Magic      | 1 2 3 4 |  4.5
Earth Magic    | 1 2 3 4 |  4.5
Poison Magic   | 1 2 3 4 |  4.5
Dodging        | 5 6 7 |  7.2
Stealth        | 5 6 7 |  7.0
Fire Magic     | 6 7 |  7.2

Action                     |  1- 3 |  4- 6 |  7- 9 | 10-12 || total
---------------------------+-------+-------+-------+-------++-------
  Melee: Mace              |    11 |       |       |       ||    11
         Bite              |     2 |       |     8 |       ||    10
         Punch             |     1 |       |       |       ||     1
         Whip              |       |     2 |     2 |       ||     4
         Halberd           |       |       |    38 |    13 ||    51
         Headbutt          |       |       |     8 |     2 ||    10
   Cast: Foxfire           |    99 |    48 |   236 |    65 ||   448
         Scorch            |       |    20 |    59 |    40 ||   119
         Flame Wave        |       |       |     2 |     5 ||     7
  Evoke: Wand              |       |       |     3 |       ||     3
    Use: Scroll            |       |       |    17 |     3 ||    20
         Potion            |       |       |     5 |     4 ||     9
 Armour: Robe              |    16 |     1 |    38 |     7 ||    62
  Dodge: Dodged            |    28 |    16 |   193 |    90 ||   327
  Block: Other             |       |       |    26 |    15 ||    41

Table legend: (Time is in decaauts)
 A = Elapsed time spent in this place.
 B = Non-inter-level travel time spent in this place.
 C = Inter-level travel time spent in this place.
 D = Time resting spent in this place.
 E = Time spent auto-exploring this place.
 F = Levels seen in this place.
 G = Mean time per level.
                   A        B        C        D        E       F      G
               +--------+--------+--------+--------+--------+-----+--------+
         Total |  14598 |  14205 |    393 |   3292 |   8863 |   9 | 1622.0 |
       Dungeon |  14389 |  14024 |    365 |   3292 |   8689 |   8 | 1798.6 |
        Temple |    208 |    180 |     28 |      0 |    174 |   1 |  208.0 |
               +--------+--------+--------+--------+--------+-----+--------+

Top non-repeatable levels by time:
     D:6: 4177 daAuts
     D:2: 2185 daAuts
     D:7: 1946 daAuts
     D:4: 1848 daAuts
     D:3: 1366 daAuts
     D:5: 1312 daAuts
     D:1: 1187 daAuts
     D:8: 365 daAuts
  Temple: 208 daAuts
